 Dungeon Crawl Stone Soup version 0.18.1-48-g4cf74bf (webtiles) character file.

5000 Alarkh the Spear-Bearer (level 10, -3/67 HPs)
             Began as a Mummy Skald on July 23, 2016.
             Was an Initiate of Gozag.
             Slain by a killer bee (8 damage)
             ... on level 9 of the Dungeon on July 24, 2016.
             The game lasted 00:22:25 (11539 turns).

Alarkh the Spear-Bearer (Mummy Skald)              Turns: 11539, Time: 00:22:26

Health: -3/67      AC:  5    Str: 16    XL:     10   Next: 29%
Magic:  16/16      EV: 11    Int: 14    God:    Gozag
Gold:   1649       SH:  0    Dex: 12    Spells: 3 memorised, 11 levels left

rFire  x . .     SeeInvis .     a - +0 trident
rCold  + . .     Gourm    .     l - +1 leather armour
rNeg   + + +     Faith    .     (no shield)
rPois  ∞         Spirit   .     (no helmet)
rElec  .         Dismiss  .     o - +0 cloak
rCorr  .         Reflect  .     (no gloves)
SustAt .         Harm     .     (no boots)
MR     +....                    (no amulet)
Stlth  ++........               i - ring of stealth
                                r - +4 ring of slaying

@: about to teleport, somewhat resistant to hostile enchantments, unstealthy
A: no food or potions, fire vulnerability, cold resistance 1, negative energy
resistance 3, torment resistance, unbreathing
a: Potion Petition, Call Merchant, Bribe Branch, Renounce Religion


You were on level 9 of the Dungeon.
You worshipped Gozag.
Gozag was noncommittal.
You were not hungry.

You visited 1 branch of the dungeon, and saw 9 of its levels.
You also visited: Sewer.

You collected 1911 gold pieces.
You paid 262 gold pieces to Gozag.

Inventory:

Hand Weapons
 a - a +0 trident (weapon)
 b - a +2 short sword of venom
 f - a +0 spear
Missiles
 m - a throwing net (quivered)
Armour
 k - a +0 buckler
 l - a +1 leather armour (worn)
 o - a +0 cloak (worn)
Jewellery
 e - an uncursed ring of flight
 i - a ring of stealth (right hand)
 r - a +4 ring of slaying (left hand)
Wands
 q - a wand of lightning (7/15)
Scrolls
 d - a scroll of fog
 g - 5 scrolls of remove curse
 h - 2 scrolls of teleportation
 j - 3 scrolls of enchant armour
 n - a scroll of recharging {unknown}
 p - a scroll of noise
 s - a scroll of random uselessness {unknown}
 t - a scroll of magic mapping {unknown}
 u - a scroll of blinking {unknown}
Books
 c - a book of Battle

   Spells                             Type                      Level
   a - Infusion                       Charms                       1
   b - Shroud of Golubria             Charms/Translocation         2
   c - Song of Slaying                Charms                       2
   d - Spectral Weapon                Hexes/Charms                 3
   e - Regeneration                   Charms/Necromancy            3


   Skills:
 - Level 2.0 Fighting
 + Level 11.6 Polearms
 - Level 0.7 Armour
 - Level 0.7 Dodging
 + Level 4.3 Spellcasting
 + Level 4.5 Charms


You had 11 spell levels left.
You knew the following spells:

 Your Spells              Type           Power        Failure   Level  Hunger
a - Infusion              Chrm           ###.         3%          1    N/A
b - Shroud of Golubria    Chrm/Tloc      #.........   17%         2    N/A
c - Spectral Weapon       Hex/Chrm       #.......     30%         3    N/A

Dungeon Overview and Level Annotations

Branches:
Dungeon (9/15)             Temple (0/1) D:4
   Lair: D:8-11         Orc: D:9-12

Altars:
Ashenzari
Gozag
Okawaru
The Shining One

Shops:
D:7 [   D:9 [

Annotations:
D:6 Heedrag's ghost, amateur DECj
D:7 exclusion: oklob plant
D:8 1 exclusion, Heedrag's ghost, novice DECj
D:9 4 runed doors


Innate Abilities, Weirdness & Mutations

You do not eat or drink.
Your flesh is vulnerable to fire.
You are immune to poison.
Your flesh is cold resistant.
You are immune to negative energy.
You are immune to unholy pain and torment.
You can survive without breathing.


Message History

The killer bee stings you but does no damage.
The killer bee barely misses you. x2
The killer bee stings you. x2
The killer bee stings you!
* * * LOW HITPOINT WARNING * * *
The killer bee barely misses you.
Read which item? (? for menu, Esc to quit)
None of your equipped items are cursed.
Unknown command.
Read which item? (? for menu, Esc to quit)
As you read the scroll of teleportation, it crumbles to dust.
You feel strangely unstable. The killer bee closely misses you.
The killer bee stings you.
* * * LOW HITPOINT WARNING * * *
The killer bee stings you.
* * * LOW HITPOINT WARNING * * *
The killer bee stings you but does no damage.
The killer bee closely misses you. The killer bee stings you!
You die...
Your body crumbles into a pile of gold.

.....# #.........# .....#
#.........#
.....####.........###
....................###
...)∩.......(.........
....................#
.............)......#
......####+##...yy..######
###...#.....#(..@yF......#
#...#...).'(#####......#
#...#.....#.# #.....##
#...#######.# #.....#
...........# #.....#
...........# #.....#
...........## #J....#
.......[....####.....#
...........J..y.......#


You could see a giant frog and 3 killer bees.

Vanquished Creatures
  Grinder (D:6)
  A human (D:8)
  6 yaks
  2 sky beasts (D:6)
  An orc warrior (D:7)
  3 black bears
  A wasp (D:9)
  3 ice beasts
  An ogre (D:4)
  4 centaurs
  6 big kobolds
  7 giant frogs
  3 scorpions
  A killer bee (D:8)
  2 crimson imps (D:6)
  6 hounds
  2 giant frog zombies
  3 orc priests
  A centaur skeleton (D:4)
  9 jellies (D:7)
  2 orc wizards
  3 iguanas
  6 worker ants
  2 hound zombies (D:6)
  3 worker ant zombies
  7 gnolls
  2 howler monkey skeletons
  A howler monkey zombie (D:5)
  14 adders
  A river rat (Sewer)
  A shadow imp (D:8)
  19 oozes
  2 adder skeletons
  7 worms (Sewer)
  2 dart slugs
  3 giant geckos
  26 orcs
  4 bats
  12 goblins
  4 hobgoblins
  4 jackals
  18 kobolds
  2 quokkas (D:5)
  A ball python (Sewer)
  A giant cockroach zombie (D:6)
  6 giant newts
  4 quokka skeletons
  13 rats
233 creatures vanquished.

Vanquished Creatures (others)
  3 fungi (D:7)
  2 spectral weapons
5 creatures vanquished.

Grand Total: 238 creatures vanquished

Notes
Turn   | Place    | Note
--------------------------------------------------------------
     0 | D:1      | Alarkh the Mummy Skald began the quest for the Orb.
     0 | D:1      | Reached XP level 1. HP: 16/16 MP: 3/3
   101 | D:2      | Found an opulent altar of Gozag.
   146 | D:2      | Became a worshipper of Gozag Ym Sagoz the Greedy
   218 | D:2      | Reached skill level 2 in Polearms
   237 | D:2      | Reached XP level 2. HP: 13/22 MP: 5/5
   497 | D:1      | Reached XP level 3. HP: 16/27 MP: 0/6
   545 | D:1      | Reached skill level 3 in Polearms
  1352 | D:3      | Found a glowing drain.
  1487 | Sewer    | Entered a sewer
  1705 | Sewer    | Reached XP level 4. HP: 22/33 MP: 3/7
  1725 | Sewer    | Learned a level 2 spell: Shroud of Golubria
  1729 | Sewer    | Learned a level 3 spell: Spectral Weapon
  1898 | Sewer    | Noticed a big kobold
  1898 | Sewer    | Noticed a big kobold
  1988 | Sewer    | Killed a big kobold
  1988 | Sewer    | Reached skill level 4 in Polearms
  1988 | Sewer    | Reached XP level 5. HP: 13/38 MP: 1/8
  2289 | Sewer    | Reached skill level 5 in Polearms
  2463 | Sewer    | Reached XP level 6. HP: 40/44 MP: 3/9
  3033 | Sewer    | Reached skill level 6 in Polearms
  3380 | D:2      | Reached XP level 7. HP: 28/50 MP: 0/10
  3861 | D:3      | Found an iron altar of Okawaru.
  4635 | D:4      | Noticed a yak
  4661 | D:4      | Killed a yak
  4661 | D:4      | Reached skill level 7 in Polearms
  4773 | D:4      | You fall through a shaft!
  4773 | D:5      | Entered Level 5 of the Dungeon
  5029 | D:4      | Found a staircase to the Ecumenical Temple.
  5054 | D:4      | Noticed a yak
  5056 | D:4      | Noticed a yak
  5056 | D:4      | Noticed a yak
  5068 | D:4      | Killed a yak
  5068 | D:4      | Reached XP level 8. HP: 39/56 MP: 3/11
  5159 | D:4      | Reached skill level 8 in Polearms
  5719 | D:2      | HP: 2/56 [orc priest/divine providence (16)]
  5917 | D:4      | Reached skill level 9 in Polearms
  6640 | D:5      | You fall through a shaft for 2 floors!
  6964 | D:6      | Reached skill level 10 in Polearms
  6964 | D:6      | Reached XP level 9. HP: 41/61 MP: 1/12
  7160 | D:6      | Noticed Grinder
  7249 | D:6      | Noticed Heedrag's ghost (amateur DECj)
  7718 | D:5      | Found a glowing golden altar of the Shining One.
  8325 | D:6      | Found a shattered altar of Ashenzari.
  8353 | D:6      | Killed Grinder
  8369 | D:6      | Reached skill level 11 in Polearms
  8831 | D:7      | Found Zinah's Armour Shoppe.
  8850 | D:7      | Noticed an oklob plant
 10165 | D:7      | Reached XP level 10. HP: 56/67 MP: 11/15
 10521 | D:8      | Noticed Heedrag's ghost (novice DECj)
 11132 | D:9      | Found Tyge's Armour Boutique.
 11173 | D:9      | Found a large runed door.
 11182 | D:9      | Found a large runed door.
 11182 | D:9      | Found a large runed door.
 11476 | D:9      | Found a large runed door.
 11539 | D:9      | Slain by a killer bee

Skill      XL: |  1  2  3  4  5  6  7  8  9 10 |
---------------+-------------------------------+-----
Polearms       | 2 3 4 5 6 7 10 11 | 11.6
Charms         | 3 4 |  4.5
Spellcasting   | 3 4 |  4.3
Fighting       | |  2.0
Armour         | |  0.7
Dodging        | |  0.7

Action                   |  1- 3 |  4- 6 |  7- 9 | 10-12 || total
-------------------------+-------+-------+-------+-------++-------
Melee: Spear             |   125 |   250 |    91 |       ||   466
       Short sword       |       |       |   104 |       ||   104
       Trident           |       |       |   295 |    86 ||   381
 Cast: Infusion          |    14 |    24 |    22 |       ||    60
       Shroud of Golubri |       |     3 |     9 |     2 ||    14
       Spectral Weapon   |       |       |    35 |    13 ||    48
Invok: Potion Petition   |       |     1 |     1 |       ||     2
 Abil: Evoke Flight      |       |     1 |       |       ||     1
Evoke: Wand              |       |       |     6 |       ||     6
  Use: Scroll            |       |     3 |     6 |     1 ||    10
 Stab: Sleeping          |     1 |       |     6 |     1 ||     8
       Invisible         |       |     5 |       |       ||     5
       Distracted        |       |       |     4 |     2 ||     6
Armor: Leather armour    |    25 |    23 |    75 |    13 ||   136
Dodge: Dodged            |    45 |    73 |   189 |    46 ||   353
